[Event "*** SCC Grand Prix: Titled Tuesday Blitz"]
[Site "Chess.com"]
[Date "2020.07.14"]
[Round "2"]
[White "Ranindu2003"]
[Black "Pintacara"]
[Result "1-0"]
[WhiteElo "2610"]
[BlackElo "2315"]
[TimeControl "180+1"]
[EndTime "10:16:42 PDT"]
[Termination "Ranindu2003 won on time"]

1. e4 c5 2. Nf3 e6 3. d4 cxd4 4.
Nxd4 a6 5. c4 Qc7 6. a3 Nf6 7.
Nc3 d6 8. Be3 Nbd7 9. Be2 b6 10.
f3 Bb7 11. O-O Be7 12. Rc1 Rc8 13. b4 Qb8 14. Qe1 h5 15. Qf2 Bd8 16. Na4 Bc7 17. h3 h4 18. Nb3 Ba8 19. c5 dxc5 20. Bxa6 Nh5 21. f4 Ng3 22. Bxc8 Qxc8 23. bxc5 Nxe4 24. Qc2 bxc5 25. Naxc5 Nexc5 26. Nxc5 Bb6 27. Qf2 Rh6 28. Nxd7 Qxd7 29. Bxb6 Rg6 30. Rfd1 1-0

[Event "*** SCC Grand Prix: Titled Tuesday Blitz"]
[Site "Chess.com"]
[Date "2020.07.14"]
[Round "2"]
[White "ClassyEl"]
[Black "GOGIEFF"]
[Result "0-1"]
[WhiteElo "2546"]
[BlackElo "2902"]
[TimeControl "180+1"]
[EndTime "10:16:43 PDT"]
[Termination "GOGIEFF won by resignation"]

1. d4 Nf6 2. Bg5 e6 3. Nd2 c5 4. e4 h6 5. Bh4 cxd4 6. e5 g5 7.
Bg3 Nd5 8. h4 Nc6 9. hxg5 Qxg5 10.
Bc4 Ne3 11. Ngf3 Qg6 12. Bd3 Nxd1 13. Bxg6 Nxb2 14. Bh5 Bg7 15. Ne4 Nc4 16. O-O-O N4xe5 17.
Nxe5 Nxe5 18. Nd6+ Ke7 19. Bxe5 Bxe5 20. Nxf7 Bf4+ 21. Kb1 Rf8 22. Rxd4 e5 23. Nxe5 Bxe5 24. Re4 d6 0-1

[Event "*** SCC Grand Prix: Titled Tuesday Blitz"]
[Site "Chess.com"]
[Date "2020.07.14"]
[Round "2"]
[White "BJthechessgod"]
[Black "Evgeny81"]
[Result "0-1"]
[WhiteElo "2317"]
[BlackElo "2747"]
[TimeControl "180+1"]
[EndTime "10:16:43 PDT"]
[Termination "Evgeny81 won by resignation"]

1. d4 Nf6 2. c4 e5 3. dxe5 Ne4 4. Nd2 Nc5 5. Ngf3 Nc6 6. e3 d6 7. exd6 Bxd6 8. Be2 Bf5 9. Nb3 Qe7 10. Nxc5 Bxc5 11.
O-O Bd6 12. a3 O-O-O 13. Qa4 g5 14. b4 g4 15. c5 gxf3 16. cxd6 Qe5 17. Bxf3 Qxa1 18.
dxc7 Kxc7 19. b5 Ne5 20. Qf4 Bd3 21. Rd1 Rhe8 22. Bd2 Qxa3 23. Rc1+ Kb8 24. Bc3 Qxc1+ 0-1

[Event "*** SCC Grand Prix: Titled Tuesday Blitz"]
[Site "Chess.com"]
[Date "2020.07.14"]
[Round "2"]
[White "quesfr"]
[Black "Falia-p"]
[Result "1-0"]
[WhiteElo "2210"]
[BlackElo "2408"]
[TimeControl "180+1"]
[EndTime "10:16:43 PDT"]
[Termination "quesfr won by resignation"]

1. e4 c6 2. d4 d5 3. e5 c5 4.
dxc5 e6 5. a3 Bxc5 6. b4 Bb6 7.
Qg4 Kf8 8. Nf3 h5 9. Qf4 Nc6 10. Bd3 Nh6 11. O-O Bc7 12. Bb2 Ne7 13. Nd4 f5 14. Re1 Nc6 15. Nf3 Nf7 16. h4 g6 17. c4 dxc4 18. Bxc4 Kg7 19. Nc3 Qe7 20. Nb5 Bb8 21. Rad1 Kh7 22. Nd6 Ncd8 23. Nxc8 Qc7 24. Nd6 a5 25. Rc1 Qe7 26. Nxf7 Nxf7 27. Ng5+ Nxg5 28.
Qxg5 Qxg5 29. hxg5 axb4 30. axb4 Rd8 31. Bxe6 1-0

[Event "*** SCC Grand Prix: Titled Tuesday Blitz"]
[Site "Chess.com"]
[Date "2020.07.14"]
[Round "2"]
[White "Jospem"]
[Black "UKR_Master"]
[Result "1-0"]
[WhiteElo "2805"]
[BlackElo "2325"]
[TimeControl "180+1"]
[EndTime "10:16:45 PDT"]
[Termination "Jospem won by resignation"]

1. e4 c5 2. Nf3 d6 3. d4 cxd4 4.
Nxd4 Nf6 5. Nc3 e5 6. Bb5+ Bd7 7. Bxd7+ Qxd7 8. Nde2 Qc6 9. Ng3 Nbd7 10. O-O b5 11. a3 Rd8 12. Qf3 h6 13. Be3 a6 14. Rad1 g6 15.
h4 Bg7 16. h5 O-O 17. Rd2 Kh7 18. Rfd1 Nb6 19. Bxb6 Qxb6 20. Nd5 Nxd5 21. Rxd5 Qc6 22. c3 Rd7 23. Qg4 Rb8 24. Nf1 a5 25. Ne3 b4 26.
Rxa5 bxc3 27. bxc3 Rdb7 28. Rad5 Bf8 29. R5d3 Rb3 30.
Nd5 Rxa3 31. Rf3 Rb7 32. hxg6+ fxg6 33. Rxf8 1-0

[Event "*** SCC Grand Prix: Titled Tuesday Blitz"]
[Site "Chess.com"]
[Date "2020.07.14"]
[Round "2"]
[White "amatatanav"]
[Black "ENajer77"]
[Result "0-1"]
[WhiteElo "2472"]
[BlackElo "2709"]
[TimeControl "180+1"]
[EndTime "10:16:46 PDT"]
[Termination "ENajer77 won by resignation"]

1. e4 c6 2. Nc3 d5 3. Nf3 Bg4 4. d4 e6 5. Bd3 Be7 6. O-O Nf6 7. Re1 O-O 8. e5 Nfd7 9. h3 Bh5 10. g4 Bg6 11. Bxg6 fxg6 12. Kg2 c5 13. Ne2 Nc6 14.
c3 Rf7 15. Nf4 Nf8 16. Be3 g5 17. Ne2 Ng6 18. Ng3 Qb6 19. dxc5 Qxb2 20. Nxg5 Bxg5 21. Re2 Nh4+ 22. Kh1 Qxc3 23. Bxg5 Qf3+ 0-1

[Event "*** SCC Grand Prix: Titled Tuesday Blitz"]
[Site "Chess.com"]
[Date "2020.07.14"]
[Round "2"]
[White "crazychessbr"]
[Black "MFguimaraes"]
[Result "0-1"]
[WhiteElo "2062"]
[BlackElo "2374"]
[TimeControl "180+1"]
[EndTime "10:16:46 PDT"]
[Termination "MFguimaraes won by resignation"]

1. e4 e5 2. Nf3 Nc6 3. Bb5 Nf6 4. d3 Bc5 5. O-O Nd4 6. Nxd4 Bxd4 7. c3 Bb6 8. Nd2 c6 9. Ba4 O-O 10. Bb3 d5 11. h3 h6 12. Re1 Re8 13. Nf1 dxe4 14. dxe4 Qxd1 15. Bxd1 Be6 16. Ng3 Nd7 17. Nf5 Bxf5 18.
exf5 Nc5 19. Bc2 Rad8 20. f6 Nd3 21. Bxd3 Rxd3 22. fxg7 Kxg7 23. Kf1 f5 24. Ke2 e4 25.
Bf4 Red8 26. Rad1 h5 27. Rxd3 Rxd3 28. Rd1 Rxd1 29. Kxd1 Bxf2 30. Ke2 Bc5 31. b4 Be7 32. Be3 Bf6 33. Kd2 Kf7 34. Bxa7 Ke6 35. c4 f4 36. Bb8 Be5 37. Bxe5 Kxe5 38. Kc3 f3 39. gxf3 exf3 40. Kd3 Kf4 41. Kd2 Kg3 42. Ke1 Kg2 0-1

[Event "*** SCC Grand Prix: Titled Tuesday Blitz"]
[Site "Chess.com"]
[Date "2020.07.14"]
[Round "2"]
[White "GeorgMeier"]
[Black "Herracek"]
[Result "1-0"]
[WhiteElo "2965"]
[BlackElo "2565"]
[TimeControl "180+1"]
[EndTime "10:16:47 PDT"]
[Termination "GeorgMeier won by checkmate"]

1. Nf3 c5 2. e4 Nc6 3. Bb5 g6 4. Bxc6 dxc6 5. d3 Bg7 6. h3 Nf6 7. Nc3 O-O 8. Be3 b6 9. Qd2 e5 10. Bh6 Qd6 11. O-O Nh5 12. Ne2 f6 13. a3 Ba6 14. Rfe1 Rad8 15. Bxg7 Nxg7 16. b4 c4 17. d4 exd4 18. Qxd4 Ne6 19. Qc3 c5 20. Rad1 Qxd1 21.
Rxd1 Rxd1+ 22. Kh2 Kf7 23. e5 f5 24. bxc5 Nxc5 25. Nf4 Ne4 26. e6+ Ke8 27. Qe5 Bc8 28. Qc7 Nd6 29. Ne5 Bb7 30. Qd7# 1-0

[Event "*** SCC Grand Prix: Titled Tuesday Blitz"]
[Site "Chess.com"]
[Date "2020.07.14"]
[Round "2"]
[White "Willychess95"]
[Black "BillieKimbah"]
[Result "0-1"]
[WhiteElo "2541"]
[BlackElo "2894"]
[TimeControl "180+1"]
[EndTime "10:16:48 PDT"]
[Termination "BillieKimbah won by resignation"]

1. e4 c5 2. Nf3 e6 3. d4 cxd4 4.
Nxd4 Nc6 5. Nc3 Qc7 6. g4 a6 7. Be3 b5 8. Nxc6 Qxc6 9. Bg2 Bb7 10. a3 Ne7 11. Qd2 Ng6 12. f4 Nh4 13. O-O-O b4 14.
axb4 Bxb4 15. Bd4 Nxg2 16. Qxg2 O-O 17. Rhe1 a5 18. Qe2 Ba6 19. Qe3 a4 20. Bxg7 a3 21.
Bf6 axb2+ 22. Kb1 Bc5 23. Bd4 Bc4 24. Bxc5 Rfb8 25. Ba7 Qa6 0-1

[Event "*** SCC Grand Prix: Titled Tuesday Blitz"]
[Site "Chess.com"]
[Date "2020.07.14"]
[Round "2"]
[White "cottage_cheese"]
[Black "Ucitelot"]
[Result "0-1"]
[WhiteElo "2166"]
[BlackElo "2496"]
[TimeControl "180+1"]
[EndTime "10:16:48 PDT"]
[Termination "Ucitelot won by resignation"]

1. e4 c5 2. Nf3 Nc6 3. Bb5 g6 4. Bxc6 bxc6 5. d3 Bg7 6. O-O d6 7. Nbd2 Nh6 8. Qe2 f6 9. b3 O-O 10. Bb2 e5 11. Nc4 f5 12. exf5 Nxf5 13. h3 Be6 14.
Nh2 Qh4 15. f4 Bxc4 16. bxc4 Ng3 17. Qe1 Rxf4 18. Nf3 Rxf3 19. Rxf3 Nf5 20. Qxh4 Nxh4 21. Rff1 Nf5 22. Rfe1 h5 23. Kh2 a5 24. Rab1 a4 25. g4 hxg4 26. hxg4 Ne7 27. Bc1 Kf7 28. Rb7 Ke6 29. Bg5 Bf6 30. Bxf6 Kxf6 31. Rf1+ Ke6 32. Rf7 Kxf7 0-1

[Event "*** SCC Grand Prix: Titled Tuesday Blitz"]
[Site "Chess.com"]
[Date "2020.07.14"]
[Round "2"]
[White "viditchess"]
[Black "davidkalashian"]
[Result "1-0"]
[WhiteElo "3003"]
[BlackElo "2572"]
[TimeControl "180+1"]
[EndTime "10:16:49 PDT"]
[Termination "viditchess won by resignation"]

1. d4 Nf6 2. c4 e6 3. Nf3 b6 4.
g3 Ba6 5. b3 Bb4+ 6. Bd2 Be7 7.
Nc3 O-O 8. e4 d5 9. cxd5 Bxf1 10.
e5 Nxd5 11. Kxf1 Nxc3 12. Bxc3 Qd5 13. Qe2 Nc6 14. Rd1 Rad8 15. Kg1 f5 16. h4 h6 17. h5 Bb4 18. Bb2 a5 19. Rc1 Rf7 20. Kg2 Rfd7 21. Qc4 Qxc4 22. bxc4 Be7 23. Rhd1 a4 24. d5 exd5 25. e6 Rd6 26. cxd5 Na5 27. Rxc7 Kf8 28.
Ba3 1-0

[Event "*** SCC Grand Prix: Titled Tuesday Blitz"]
[Site "Chess.com"]
[Date "2020.07.14"]
[Round "2"]
[White "rhinoceros2015"]
[Black "Diego_FloresQ"]
[Result "0-1"]
[WhiteElo "2689"]
[BlackElo "2484"]
[TimeControl "180+1"]
[EndTime "10:16:49 PDT"]
[Termination "Diego_FloresQ won by resignation"]

1. Nf3 c5 2. c4 Nc6 3. b3 Nf6 4. Bb2 e6 5. g3 d5 6. cxd5 exd5 7. Bg2 Be7 8. O-O O-O 9. d4 Ne4 10. dxc5 Bxc5 11. Nc3 Nxc3 12. Bxc3 Bg4 13. Qd2 d4 14.
Bb2 Re8 15. Rac1 Qb6 16. Qg5 Bxf3 17. Bxf3 Be7 18. Qf4 Bf6 19. Rfd1 Rad8 20. h4 h6 21. Kg2 Nb4 22. a3 Na2 23. Rc7 Qxb3 24. Rxb7 Qxd1 25. Bh5 Rf8 26. Qc7 Nc3 27. Bxf7+ Kh8 28.
Bh5 Nxe2 0-1

[Event "*** SCC Grand Prix: Titled Tuesday Blitz"]
[Site "Chess.com"]
[Date "2020.07.14"]
[Round "2"]
[White "TokChess"]
[Black "diamonds13"]
[Result "0-1"]
[WhiteElo "2422"]
[BlackElo "2237"]
[TimeControl "180+1"]
[EndTime "10:16:49 PDT"]
[Termination "diamonds13 won by resignation"]

1. e4 c5 2. Nc3 Nc6 3. Bb5 Nd4 4. Nf3 Nxb5 5. Nxb5 a6 6. Nc3 b5 7. a4 b4 8. Ne2 d6 9. Ng3 Bb7 10. O-O a5 11. Re1 e5 12. d3 g6 13. Nd2 Bg7 14. Nc4 Ne7 15. b3 O-O 16. Bb2 f5 17. exf5 gxf5 18. f4 Ng6 19. fxe5 dxe5 20. Qd2 Qh4 21. Qf2 Rae8 22. Nd6 f4 23. Nxb7 fxg3 24.
Qxg3 Qe7 25. Nxa5 Kh8 26. Nc4 Rf5 27. a5 Ref8 28. a6 Qa7 29. Qe3 Nf4 30. g3 Nh3+ 31.
Kg2 Rf2+ 32. Kxh3 Qd7+ 33. g4 R8f3+ 34. Qxf3 Rxf3+ 35. Kg2 Qxg4+ 36. Kh1 Rf2 37. Rg1 Qf3+ 0-1

[Event "*** SCC Grand Prix: Titled Tuesday Blitz"]
[Site "Chess.com"]
[Date "2020.07.14"]
[Round "2"]
[White "Unknown_IM"]
[Black "harkerchess"]
[Result "1-0"]
[WhiteElo "2382"]
[BlackElo "2087"]
[TimeControl "180+1"]
[EndTime "10:16:49 PDT"]
[Termination "Unknown_IM won by resignation"]

1. e4 e5 2. Nf3 Nc6 3. Bb5 a6 4. Ba4 Nf6 5. d3 Be7 6. Bxc6 dxc6 7.
Nxe5 O-O 8. O-O Be6 9. Nc3 Bd6 10. Nf3 Qd7 11. e5 Nd5 12. exd6 cxd6 13. Re1 Rfe8 14. Nxd5 Bxd5 15. Rxe8+ Rxe8 16. Bf4 Qe6 17. Qd2 Qg6 18. Bg3 Qf6 19. Re1 Rxe1+ 20. Qxe1 h6 21. Qc3 Qf5 22. d4 Qe6 23. Qe3 Qg6 24. Qe8+ Kh7 25. Qe2 Bxa2 26. Nh4 Qg5 27. f4 Qd5 28. Qd3+ g6 29. f5 g5 30. f6+ Kg8 31. Nf5 Kf8 32.
Bxd6+ Ke8 33. Qe3+ Qe6 34. Ng7+ 1-0

[Event "*** SCC Grand Prix: Titled Tuesday Blitz"]
[Site "Chess.com"]
[Date "2020.07.14"]
[Round "2"]
[White "DaggiGretarsson"]
[Black "KaspMagAlpha"]
[Result "1-0"]
[WhiteElo "2607"]
[BlackElo "2253"]
[TimeControl "180+1"]
[EndTime "10:16:50 PDT"]
[Termination "DaggiGretarsson won on time"]

1. d4 Nf6 2. c4 e6 3. Nc3 Bb4 4. Qc2 O-O 5. e4 c5 6. d5 exd5 7. exd5 Re8+ 8. Ne2 b5 9. Bg5 bxc4 10. O-O-O d6 11. Ng3 Nbd7 12. Bxc4 Ne5 13. Be2 Bxc3 14.
Qxc3 h6 15. Bf4 Ng6 16. Be3 Ne4 17. Nxe4 Rxe4 18. Rhe1 Rb8 19. Bc4 Qb6 20. Bb3 Rb4 21. Bc2 Rxb2 22. Bxh6 gxh6 23. Re8+ Nf8 24. Qg3+ 1-0

[Event "*** SCC Grand Prix: Titled Tuesday Blitz"]
[Site "Chess.com"]
[Date "2020.07.14"]
[Round "2"]
[White "KonstantinB_1983"]
[Black "Quiet_Desperation"]
[Result "1-0"]
[WhiteElo "2437"]
[BlackElo "2220"]
[TimeControl "180+1"]
[EndTime "10:16:50 PDT"]
[Termination "KonstantinB_1983 won by resignation"]

1. d4 d5 2. c4 c6 3. Nc3 Nf6 4. e3 Bf5 5. cxd5 cxd5 6. Qb3 Qc7 7. Nxd5 Nxd5 8. Qxd5 e6 9. Bb5+ Nc6 10. Bxc6+ bxc6 11. Qc4 Rb8 12. Ne2 Bb4+ 13. Nc3 O-O 14. O-O Rfc8 15. e4 Bg6 16. f3 c5 17. d5 Bxc3 18. Qxc3 exd5 19. exd5 Qd6 20. Rd1 c4 21. Be3 Bd3 22. Bxa7 Ra8 23. Bf2 Qxd5 24. b4 Qb5 25. a3 Qa4 26. Bd4 f6 27. Re1 Qb3 28. h4 h5 29.
Bxf6 gxf6 30. Qxf6 c3 31. Re7 1-0

[Event "*** SCC Grand Prix: Titled Tuesday Blitz"]
[Site "Chess.com"]
[Date "2020.07.14"]
[Round "2"]
[White "Duhless"]
[Black "Harry_Rakkel"]
[Result "1-0"]
[WhiteElo "3032"]
[BlackElo "2577"]
[TimeControl "180+1"]
[EndTime "10:16:52 PDT"]
[Termination "Duhless won on time"]

1. e4 c5 2. Nf3 d6 3. d4 cxd4 4. Nxd4 Nf6 5. Nc3 a6 6. Bc4 e6 7. Be3 Be7 8. Qe2 b5 9. Bb3 O-O 10. a3 Nbd7 11. Nc6 Qe8 12. O-O-O Nc5 13. Nxe7+ Qxe7 14. f3 Bb7 15. Ba2 Rfc8 16. Rd4 Rc6 17. Rhd1 Rac8 18.
Kb1 Nfd7 19. Qd2 Na4 20. Nxa4 Rxc2 21. Qb4 Rxg2 22. Rxd6 Ne5 23. Nb6 Rf8 24. Bc5 Nxf3 25. R6d3 Qf6 26. Nd7 Qf4 27. Nxf8 Bxe4 28. Ka1 1-0

[Event "*** SCC Grand Prix: Titled Tuesday Blitz"]
[Site "Chess.com"]
[Date "2020.07.14"]
[Round "2"]
[White "WashUntilHoles"]
[Black "White_Ghost"]
[Result "0-1"]
[WhiteElo "2699"]
[BlackElo "2489"]
[TimeControl "180+1"]
[EndTime "10:16:52 PDT"]
[Termination "White_Ghost won on time"]

1. e4 e5 2. Nf3 Nc6 3. d4 exd4 4. Nxd4 Nf6 5. Nxc6 bxc6 6. e5 Qe7 7.
Qe2 Nd5 8. c4 Ba6 9. b3 Qh4 10.
a3 Bc5 11. g3 Bxf2+ 12. Qxf2 Qe4+ 13. Kd1 Qxh1 14. Nd2 Nc3+ 15. Kc2 Ne4 16. Nxe4 Qxe4+ 17. Bd3 Qg4 18. Bf5 Qh5 19. h4 f6 20. exf6 gxf6 21. Bb2 O-O-O 22. g4 Qf7 23. Qxa7 Bb7 24. a4 Rde8 25.
a5 Re2+ 26. Kb1 Re1+ 27. Ka2 Rxa1+ 28. Kxa1 Qe7 29. Ka2 Qb4 30. Ba3 Qd2+ 31. Bb2 Re8 32. Qd4 Qxa5+ 0-1

[Event "*** SCC Grand Prix: Titled Tuesday Blitz"]
[Site "Chess.com"]
[Date "2020.07.14"]
[Round "2"]
[White "chito89"]
[Black "Kotofeyca"]
[Result "1-0"]
[WhiteElo "2800"]
[BlackElo "2319"]
[TimeControl "180+1"]
[EndTime "10:16:53 PDT"]
[Termination "chito89 won on time"]

1. e4 c5 2. Nf3 d6 3. c3 Nf6 4. h3 Nc6 5. Bd3 e6 6. O-O Be7 7. Bc2 O-O 8. d4 cxd4 9. cxd4 b6 10. Nc3 Ba6 11. Re1 Nb4 12. Bb1 Rc8 13.
Qa4 d5 14. e5 Ne4 15. Nxe4 dxe4 16. Bxe4 Qe8 17. Qd1 Nd5 18. Bxd5 exd5 19. Bg5 Bxg5 20. Nxg5 Qe7 21. f4 Rc7 22. Qg4 h6 23. Nf3 Rfc8 24. f5 Rc2 25. f6 Qf8 26. e6 fxe6 27. Rxe6 Be2 28. Re1 Bxf3 29. Qxf3 gxf6 30. Re7 Qg7 31. Qxd5+ Kh8 32. Rxg7 1-0

[Event "*** SCC Grand Prix: Titled Tuesday Blitz"]
[Site "Chess.com"]
[Date "2020.07.14"]
[Round "2"]
[White "Siemba"]
[Black "dosto07"]
[Result "0-1"]
[WhiteElo "2410"]
[BlackElo "2212"]
[TimeControl "180+1"]
[EndTime "10:16:53 PDT"]
[Termination "dosto07 won by checkmate"]

1. e4 e5 2. f4 d5 3. Nf3 exf4 4. exd5 Bd6 5. d4 Ne7 6. c4 Bb4+ 7. Nc3 Ng6 8. Bd3 O-O 9. O-O Bg4 10. a3 Be7 11. Qe1 c6 12. dxc6 Nxc6 13. d5 Bc5+ 14.
Kh1 Re8 15. Qd2 Bxf3 16. gxf3 Nd4 17. b4 Nb3 18. Qb2 Nxa1 19. bxc5 Qh4 20. Qxa1 Re1 21. Qb2 Rae8 22. Bd2 Rxf1+ 23. Bxf1 Qf2 24. Qc1 Nh4 25. Bxf4 Nxf3 26. Bg2 Re1+ 27. Qxe1 Qxe1+ 28. Bf1 Qxf1# 0-1

[Event "*** SCC Grand Prix: Titled Tuesday Blitz"]
[Site "Chess.com"]
[Date "2020.07.14"]
[Round "2"]
[White "chargemax23"]
[Black "JesseKraai"]
[Result "1-0"]
[WhiteElo "2687"]
[BlackElo "2458"]
[TimeControl "180+1"]
[EndTime "10:16:54 PDT"]
[Termination "chargemax23 won by resignation"]

1. c4 b6 2. Nc3 Bb7 3. e4 e6 4. a3 Nf6 5. Qc2 c5 6. Nf3 Nc6 7. d3 Be7 8. h3 O-O 9. Bf4 d5 10. cxd5 exd5 11. e5 Ne8 12. Be2 Nc7 13. Bh2 Ne6 14. O-O Ncd4 15. Nxd4 Nxd4 16. Qd1 Rc8 17.
Re1 b5 18. Bf1 a5 19. Ne2 Nxe2+ 20. Bxe2 d4 21. Bf3 Qb6 22. Bxb7 Qxb7 23. e6 f6 24. a4 Rfd8 25. axb5 Qxb5 26. b3 Rc6 27.
Qc2 Rb6 28. Bc7 Ra8 29. Bxb6 Qxb6 30. Qc4 Kf8 31. Qd5 Rd8 32. Qe4 g6 33. Reb1 Rd6 34. Qa8+ Kg7 35. Qxa5 Rxe6 36. Qxb6 Rxb6 37. Ra7 Kf7 38. Kf1 1-0

[Event "*** SCC Grand Prix: Titled Tuesday Blitz"]
[Site "Chess.com"]
[Date "2020.07.14"]
[Round "2"]
[White "antoszu"]
[Black "NMZanette"]
[Result "1-0"]
[WhiteElo "2507"]
[BlackElo "2130"]
[TimeControl "180+1"]
[EndTime "10:16:54 PDT"]
[Termination "antoszu won by resignation"]

1. d4 d5 2. c4 c6 3. Nc3 Nf6 4. Nf3 dxc4 5. a4 Bf5 6. Ne5 e6 7. f3 Bb4 8. Nxc4 O-O 9. Kf2 Nbd7 10. e4 Bg6 11. Be3 Qe7 12. a5 e5 13. dxe5 Nxe5 14.
Nxe5 Qxe5 15. Qd4 Qe7 16. Be2 Rfd8 17. Qc4 Bxc3 18. bxc3 Bxe4 19. fxe4 Nxe4+ 20. Kg1 Ng3 21. hxg3 Qxe3+ 22. Kh2 Rd6 23. Bg4 Rg6 24. Rhf1 h5 25.
Qxf7+ Kh7 26. Rf3 Qg5 27. Bf5 1-0

[Event "*** SCC Grand Prix: Titled Tuesday Blitz"]
[Site "Chess.com"]
[Date "2020.07.14"]
[Round "2"]
[White "Izoria123"]
[Black "HanSchut"]
[Result "1-0"]
[WhiteElo "2887"]
[BlackElo "2336"]
[TimeControl "180+1"]
[EndTime "10:16:54 PDT"]
[Termination "Izoria123 won on time"]

1. Nf3 c5 2. b3 Nc6 3. Bb2 e5 4.
Nxe5 Nxe5 5. Bxe5 d5 6. e3 Nf6 7. Bb5+ Bd7 8. Bxf6 Qxf6 9. Bxd7+ Kxd7 10. Nc3 Kc6 11. O-O Bd6 12. Qe2 a6 13. e4 Rae8 14. exd5+ Kc7 15. Qd3 Re5 16. Ne4 Qh4 17. Nxd6 Kxd6 18.
c4 Rhe8 19. Qc3 b6 20. b4 Re4 21. bxc5+ bxc5 22. d3 Rg4 23. g3 Re3 24. fxe3 Rxg3+ 25. Kh1 Qh3 26. Qd2 1-0

[Event "*** SCC Grand Prix: Titled Tuesday Blitz"]
[Site "Chess.com"]
[Date "2020.07.14"]
[Round "2"]
[White "SavelievAlexei"]
[Black "AJSC02"]
[Result "1-0"]
[WhiteElo "2392"]
[BlackElo "2103"]
[TimeControl "180+1"]
[EndTime "10:16:54 PDT"]
[Termination "SavelievAlexei won by resignation"]

1. e4 c5 2. Nf3 Nc6 3. Nc3 e5 4. Bc4 Be7 5. d3 d6 6. O-O Nf6 7.
Ng5 O-O 8. f4 h6 9. Nf3 Bg4 10.
h3 Bxf3 11. Qxf3 Nd4 12. Qf2 Rb8 13. a4 a6 14. Nd5 b5 15. Nxf6+ Bxf6 16. Bd5 exf4 17.
Bxf4 Bg5 18. Bg3 bxa4 19. c3 Ne6 20. Rxa4 Qb6 21. Ra2 c4 22. d4 Rbc8 23. Qe2 Bf6 24. Bf2 Rfd8 25. Bxc4 Qc7 26. Bxe6 Rb8 27. Bd5 1-0

[Event "*** SCC Grand Prix: Titled Tuesday Blitz"]
[Site "Chess.com"]
[Date "2020.07.14"]
[Round "2"]
[White "ChessArchitect64"]
[Black "Ati1517"]
[Result "0-1"]
[WhiteElo "1866"]
[BlackElo "2343"]
[TimeControl "180+1"]
[EndTime "10:16:54 PDT"]
[Termination "Ati1517 won on time"]

1. d4 d5 2. Nf3 Nf6 3. Bg5 Bf5 4.
e3 e6 5. Bd3 Bxd3 6. Qxd3 Nbd7 7. O-O Be7 8. Nbd2 O-O 9. b3 c5 10. c4 Rc8 11. Rac1 Qa5 12. Qb1 cxd4 13. exd4 h6 14.
Bf4 Bb4 15. Rcd1 Rc6 16. Ne5 Nxe5 17. dxe5 Nh5 18. Be3 d4 19. a3 Bc3 20. Bxd4 Bxd4 21.
b4 Qxa3 22. b5 Rcc8 23. Qe4 Bb6 24. g4 f5 25. exf6 Nxf6 26. Qxe6+ Kh8 27. Ne4 Nxe4 0-1

[Event "*** SCC Grand Prix: Titled Tuesday Blitz"]
[Site "Chess.com"]
[Date "2020.07.14"]
[Round "2"]
[White "tornikesanikidze"]
[Black "Antipov_Mikhail_Al"]
[Result "0-1"]
[WhiteElo "2527"]
[BlackElo "2859"]
[TimeControl "180+1"]
[EndTime "10:16:56 PDT"]
[Termination "Antipov_Mikhail_Al won by checkmate"]

1. d4 Nf6 2. c4 g6 3. f3 e6 4. e4 d5 5. cxd5 exd5 6. Nc3 c6 7. e5 Nh5 8. Be3 Ng7 9. Bd3 h5 10. Nge2 Be7 11. O-O Nd7 12. a3 a5 13. Qc2 Nf8 14.
Rab1 Bf5 15. b4 axb4 16. axb4 Nfe6 17. b5 c5 18. Bf2 c4 19. Bxf5 Nxf5 20. Rfd1 O-O 21. g4 hxg4 22. fxg4 Nh4 23. Bxh4 Bxh4 24. Rf1 Kg7 25. b6 Qg5 26. h3 Qe3+ 27. Kg2 Nxd4 28. Nxd4 Qg3+ 29. Kh1 Qxh3+ 30. Qh2 Qxc3 31. Qf4 Qh3+ 32.
Kg1 Ra2 33. Qf3 Qh2# 0-1

[Event "*** SCC Grand Prix: Titled Tuesday Blitz"]
[Site "Chess.com"]
[Date "2020.07.14"]
[Round "2"]
[White "SaqoChess_Twitch"]
[Black "Chuchofrio1"]
[Result "1-0"]
[WhiteElo "2416"]
[BlackElo "2178"]
[TimeControl "180+1"]
[EndTime "10:16:57 PDT"]
[Termination "SaqoChess_Twitch won by checkmate"]

1. d4 Nf6 2. c4 e6 3. Nc3 Bb4 4. a3 Bxc3+ 5. bxc3 d5 6. e3 c6 7. Bd3 b6 8. cxd5 cxd5 9. Ne2 O-O 10. O-O Ba6 11. f3 Qc8 12. e4 Bxd3 13. Qxd3 Qa6 14.
Qxa6 Nxa6 15. e5 Nd7 16. f4 f5 17. a4 Nab8 18. a5 Nc6 19. axb6 axb6 20. Ba3 Rfc8 21. Bd6 Na5 22. Bb4 Nb3 23. Rxa8 Rxa8 24. Nc1 Nd2 25. Rd1 Ne4 26. Nd3 Ra2 27. h3 h5 28. Rf1 Nb8 29.
Nf2 Ng3 30. Rb1 Ne2+ 31. Kh2 Nxf4 32. Rf1 Nc6 33. Kg3 Ne2+ 34. Kh4 Nxb4 35. cxb4 Nxd4 36. Kxh5 Nc6 37. g4 Nxe5 38. gxf5 exf5 39. Kg5 Nf3+ 40. Kxf5 Nh2 41. Rc1 Rxf2+ 42. Ke5 Rb2 43. Kxd5 Rxb4 44. Rc3 Nf1 45. Rd3 Kh7 46. Ke5 Kh6 47. Kf5 g6+ 48.
Kf6 Re4 49. Rd8 Kh5 50. Rh8# 1-0

[Event "*** SCC Grand Prix: Titled Tuesday Blitz"]
[Site "Chess.com"]
[Date "2020.07.14"]
[Round "2"]
[White "JoakimVonAnd"]
[Black "Roza_Idrisova"]
[Result "1-0"]
[WhiteElo "2445"]
[BlackElo "2239"]
[TimeControl "180+1"]
[EndTime "10:16:58 PDT"]
[Termination "JoakimVonAnd won by resignation"]

1. d4 d5 2. c4 c6 3. cxd5 cxd5 4. Nc3 Nc6 5. Bf4 Nf6 6. e3 Bf5 7. Rc1 a6 8. Nf3 e6 9. Bd3 Bxd3 10. Qxd3 Bd6 11.
Bg3 O-O 12. O-O Rc8 13. Na4 Bxg3 14. hxg3 Ne4 15. Nc5 Nxc5 16. Rxc5 Na7 17. Rfc1 Rxc5 18. Rxc5 Qb8 19. Ne5 Rc8 20. Qc2 Rxc5 21. Qxc5 f6 22. Nd7 Qc8 23. Nxf6+ gxf6 24. Qxa7 Qc1+ 25. Kh2 Qxb2 26.
Qb8+ Kf7 27. Qc7+ Kg6 28. Kg1 Qxa2 29. Qxb7 Qa1+ 30. Kh2 Qa2 31. Kg1 Qa1+ 32. Kh2 Qa2 33. Qc8 Qxf2 34. Qxe6 a5 35. Qg4+ Kf7 36. Qd7+ Kg6 37.
Qxd5 Qxe3 38. Qg8+ Kh6 39. d5 Qd4 40. Qf8+ Kg6 41.
d6 a4 42. Qe8+ Kh6 43. d7 a3 44. d8=Q Qb2 45. Qe3+ Kg6 46. Qde8+ Kg7 47. Q3e7+ Kh6 48.
Q8f8+ Kg5 49. Qfg7+ Kf5 50. g4+ Kf4 51. Qgxf6+ Qxf6 52. Qxf6+ Kxg4 53. Qa1 1-0

[Event "*** SCC Grand Prix: Titled Tuesday Blitz"]
[Site "Chess.com"]
[Date "2020.07.14"]
[Round "2"]
[White "PrinceMurad09"]
[Black "ShimanovAlex"]
[Result "0-1"]
[WhiteElo "2516"]
[BlackElo "2828"]
[TimeControl "180+1"]
[EndTime "10:16:59 PDT"]
[Termination "ShimanovAlex won by resignation"]

1. e4 c6 2. Nf3 d5 3. Nc3 Bg4 4. h3 Bxf3 5. Qxf3 Nf6 6. d3 e6 7.
g4 Bb4 8. Bd2 d4 9. Nb1 Qb6 10. c3 Be7 11. b3 c5 12. Bg2 Nc6 13.
O-O O-O 14. Na3 Qa6 15. Nc4 b5 16. Nb2 dxc3 17. Bxc3 Qb6 18. Qg3 Rad8 19. g5 Ne8 20. h4 Nd4 21. Bxd4 Rxd4 22. Nd1 Qd6 23. Qxd6 Bxd6 24.
Nc3 a6 25. Rad1 Be7 26. Ne2 Rb4 27. Rc1 a5 28. Rfd1 a4 29. bxa4 Rxa4 30. Rc2 Nc7 31. Nc3 Ra5 32. d4 c4 33. d5 Rd8 34. dxe6 Rxd1+ 35. Nxd1 Nxe6 36. Nc3 Kf8 37. Rd2 Bb4 38.
Rc2 Nd4 39. Rc1 Bxc3 0-1